Map: Data-C

Players

Jay

  • Race: Zerg Zerg
  • Spawn Location: 3:00

MCanning - Winner!

  • Race: Protoss Protoss
  • Spawn Location: 9:00

Event: DreamHack SC2 Masters 2022 Atlanta (Offline)

VOD

Have the link to the VOD?

Description

Time

  • Played on: Nov. 18, 2022, 1:57 p.m.
  • Length: 12:05

All games in this series

Show
View Real Time Build Order
Export as new Build Order

Jay Zerg 

Build Orders: Hatch First 

Get SALT Encoding   

  12  0:00  Drone  
  13  0:12  Overlord  
  13  0:16  Drone  
  14  0:31  Drone x2  
  16  0:49  Hatchery  
  15  0:52  Drone  
  15  0:56  Drone  
  17  0:59  Drone  
  18  1:10  Extractor  
  17  1:15  Spawning Pool  
  17  1:17  Drone  
  17  1:21  Drone  
  18  1:27  Drone  
  19  1:38  Drone  
  20  1:49  Overlord  
  20  2:02  Queen x2  
  20  2:03  Zergling x4  
  26  2:10  Drone  
  26  2:12  Drone  
  28  2:15  Metabolic Boost  
  28  2:21  Drone  
  30  2:22  Drone  
  30  2:36  Hatchery  
  29  2:42  Drone x2  
  31  2:44  Drone  
  31  2:48  Queen  
  34  2:53  Overlord  
  34  2:57  Drone  
  34  2:58  Drone  
  36  3:04  Overlord  
  36  3:12  Queen  
  35  3:13  Drone x2  
  35  3:15  Drone  
  35  3:18  Drone x2  
  42  3:26  Queen  
  42  3:29  Drone x2  
  42  3:33  Drone  
  47  3:39  Drone  
  47  3:41  Spore Crawler  
  47  3:43  Drone x4  
  47  3:48  Queen  
  53  3:50  Overlord  
  53  3:54  Overlord  
  53  4:13  Drone x8, Extractor  
  53  4:14  Extractor  
  53  4:15  Evolution Chamber  
  58  4:18  Overlord  
  58  4:20  Spore Crawler  
  57  4:28  Zergling x8  
  60  4:33  Overlord x3  
  60  4:36  Drone x2  
  62  4:40  Drone  
  62  4:45  Zerg Melee Weapons Level 1  
  63  4:48  Lair  
  63  4:51  Drone x2, Roach Warren  
  63  4:52  Drone  
  65  4:56  Drone  
  65  4:57  Drone x2  
  68  5:03  Drone x4  
  72  5:14  Spore Crawler  
  72  5:18  Drone x2  
  73  5:22  Drone x6  
  73  5:24  Baneling Nest, Extractor  
  73  5:25  Extractor  
  76  5:34  Roach  
  76  5:35  Roach x2  
  80  5:36  Hatchery  
  80  5:41  Roach x3  
  85  5:50  Evolution Chamber  
  85  5:55  Roach x7  
  89  6:09  Drone x2  
  89  6:10  Drone x5  
  82  6:24  Drone x2  
  75  6:37  Drone x2  
  75  6:46  Drone x3  
  76  6:49  Drone  
  77  6:55  Baneling x4  
  75  7:12  Drone x7  
  81  7:18  Drone x3  
  82  7:23  Drone x2  
  84  7:30  Drone  
  84  7:31  Drone x3  
  84  7:36  Drone x3  
  91  7:46  Overlord x2  
  91  7:47  Drone x3  
  91  7:50  Glial Reconstitution  
  94  7:56  Drone  
  94  7:57  Drone x5  
  100  8:02  Overseer  
  100  8:13  Drone x2  
  100  8:14  Drone x2  
  101  8:24  Overseer  
  97  8:27  Roach x9  
  97  8:28  Zergling x2, Spore Crawler  
  97  8:30  Overseer  
  111  8:43  Drone  
  112  8:50  Overlord x3  
  112  8:53  Centrifugal Hooks  
  112  9:00  Zerg Melee Weapons Level 2  
  112  9:13  Zergling x38  
  112  9:16  Ravager x2  
  133  9:17  Ravager  
  130  9:30  Zergling x24  
  113  9:37  Roach  
  108  9:44  Roach x3  
  114  9:51  Overlord  
  114  9:58  Overlord  
  114  10:05  Overlord x2  
  114  10:09  Queen x2  
  118  10:15  Hatchery, Overlord x2  
  118  10:16  Zergling x2  
  118  10:17  Zergling x8  
  123  10:28  Roach x5  
  123  10:30  Queen  
  123  10:33  Ravager x9  
  134  10:40  Roach x3  
  140  10:43  Spine Crawler  
  140  10:44  Roach  
  140  10:45  Ravager x4  
  138  10:59  Baneling x4  
  138  11:00  Zergling x10  
  132  11:17  Zergling x8  
  124  11:26  Baneling x2  
  124  11:27  Zergling x6, Baneling  
Show
View Real Time Build Order
Export as new Build Order

MCanning Protoss - Winner!

Build Orders: 1 Gate Expand, Zealot Archon 

Get SALT Encoding   

  12  0:00  Probe  
  13  0:12  Probe  
  14  0:20  Pylon  
  14  0:24  Probe  
  15  0:38  Probe (Chrono Boost)  
  15  0:39  Gateway  
  16  0:48  Assimilator  
  16  0:49  Probe (Chrono Boost)  
  17  0:54  Probe (Chrono Boost)  
  18  1:04  Probe  
  19  1:16  Probe  
  20  1:24  Nexus  
  20  1:34  Cybernetics Core  
  20  1:36  Probe  
  21  1:42  Assimilator  
  21  1:48  Probe  
  21  1:52  Pylon  
  22  2:00  Probe  
  23  2:08  Probe  
  23  2:09  Adept (Chrono Boost)  
  26  2:17  Probe  
  26  2:19  Stargate  
  27  2:26  Probe  
  27  2:28  Warp Gate  
  28  2:38  Probe, Stalker  
  28  2:41  Probe  
  32  2:52  Probe, Gateway  
  32  2:56  Probe  
  34  3:11  Void Ray (Chrono Boost), Probe  
  39  3:13  Probe  
  40  3:23  Probe  
  40  3:25  Probe  
  40  3:26  Twilight Council  
  42  3:35  Probe  
  42  3:38  Probe, Assimilator, Pylon  
  44  3:42  Gateway  
  44  3:50  Gateway  
  44  3:54  Gateway  
  44  3:55  Probe  
  44  3:56  Resonating Glaives (Chrono Boost)  
  45  4:03  Probe  
  45  4:07  Probe  
  47  4:10  Pylon  
  47  4:16  Probe  
  48  4:20  Probe  
  48  4:22  Pylon  
  49  4:28  Nexus  
  49  4:33  Adept  
  49  4:35  Adept  
  49  4:37  Probe  
  54  4:39  Probe  
  55  4:46  Adept x2  
  55  4:49  Probe  
  55  4:51  Adept  
  55  4:52  Probe  
  63  4:56  Pylon  
  63  5:01  Adept x2  
  63  5:04  Probe  
  63  5:07  Pylon  
  68  5:12  Adept  
  69  5:17  Adept x2  
  69  5:18  Probe  
  74  5:23  Robotics Facility  
  74  5:25  Probe  
  75  5:34  Adept x3  
  81  5:37  Probe  
  81  5:40  Assimilator  
  81  5:41  Probe x2  
  82  5:54  Charge (Chrono Boost), Probe  
  83  5:58  Forge, Probe  
  83  6:00  Gateway  
  84  6:04  Probe  
  84  6:09  Dark Shrine  
  84  6:10  Pylon  
  85  6:14  Probe  
  85  6:15  Immortal (Chrono Boost)  
  85  6:17  Probe  
  87  6:19  Probe  
  87  6:20  Protoss Ground Weapons Level 1 (Chrono Boost)  
  84  6:27  Probe  
  84  6:30  Probe  
  76  6:33  Probe  
  76  6:35  Robotics Bay  
  76  6:36  Gateway, Photon Cannon  
  77  6:41  Probe  
  77  6:46  Assimilator  
  78  6:48  Shield Battery, Immortal (Chrono Boost), Probe x2  
  78  6:50  Assimilator, Pylon  
  78  6:53  Probe  
  81  7:06  Probe  
  82  7:17  Probe  
  82  7:18  Blink (Chrono Boost)  
  82  7:21  Probe  
  82  7:22  Probe  
  74  7:23  Gateway x2, Stalker x2  
  74  7:24  Zealot x3  
  74  7:26  Disruptor (Chrono Boost), Pylon  
  87  7:35  Dark Templar  
  89  7:43  Probe x2  
  91  7:45  Photon Cannon  
  91  7:47  Gateway  
  91  7:51  Dark Templar x2  
  93  7:55  Archon  
  93  7:56  Disruptor (Chrono Boost)  
  93  7:57  Probe  
  93  7:58  Dark Templar  
  101  8:11  Nexus, Protoss Ground Weapons Level 2 (Chrono Boost)  
  101  8:15  Pylon  
  101  8:28  Observer (Chrono Boost), Stalker x5  
  112  8:36  Probe  
  112  8:38  Probe  
  112  8:41  Disruptor (Chrono Boost)  
  114  8:46  Zealot x5  
  125  9:00  Photon Cannon  
  125  9:02  Shield Battery  
  125  9:04  Disruptor  
  125  9:07  Stalker x2  
  132  9:13  Pylon  
  132  9:14  Pylon  
  132  9:16  Pylon  
  120  9:32  Zealot x2  
  120  9:33  Zealot x5  
  132  9:39  Probe  
  132  9:40  Disruptor (Chrono Boost)  
  130  9:51  Dark Templar x3  
  136  9:53  Dark Templar  
  136  9:57  Archon x2  
  138  10:08  Stalker x6  
  138  10:12  Disruptor (Chrono Boost)  
  153  10:23  Probe  
  153  10:25  Zealot x4  
  162  10:30  Photon Cannon  
  162  10:32  Dark Templar x3, Photon Cannon  
  168  10:42  Pylon  
  168  10:51  Zealot x2  
  168  10:56  Pylon  
  172  10:58  Pylon  
  172  11:00  Pylon  
  172  11:03  Disruptor, Fleet Beacon  
  171  11:17  Stalker x4  
  165  11:22  Zealot x6  
  171  11:33  Assimilator  
  171  11:34  Assimilator  
  168  11:50  Zealot x8  
  168  11:51  Zealot  
Tags
 
Add a new tag
Caveats
  • Supply blocks, unpowered buildings, or Contaminate may cause inaccurate times.
  • Supply counts are checked every 10 seconds.